AoeStats
← tavoo

Arabia

508019097Analyzed
1v1 RM · 13d ago on Sep 20, 2026· 12m 32s· 2 players
Game mode
Random Map
Map size
Tiny (2 player)
Population
200
Speed
Normal
Resources
Standard
Victory
Conquest
Starting age
Dark Age
Ending age
Imperial Age
RankedLock teamsTeams togetherTeam positionsShared explorationLock speedFull tech treeHidden civsTurbo modeCheats
Victory
Defeat
🇲🇽 Dravidians · Mexico
1397
+18
🇦🇷 Inca · Argentina
1446
-18
tavoo
7:00 Loom
9:23 Feudal Age
9:33 Man-at-Arms
10:17 Double-Bit Axe
11:47 Town Watch
BurtoKengg
9:07 Feudal Age
7:24 Loom
9:11 Feudal Age
Connection lost

Rejoining the realm…

Still unreachable

The connection could not be restored.

Session expired

The server has moved on; the page needs a fresh start.